 Dungeon Crawl Stone Soup version 0.31-a0-229-g1fc7ce93e2 (webtiles) character file.

Game seed: 1747670481530267952

329 qw the Shooter (level 6, 0/37 HPs)
             Began as a Gargoyle Hexslinger on July 6, 2023.
             Slain by a sky beast (1 damage)
             ... on level 4 of the Dungeon.
             The game lasted 00:01:01 (2732 turns).

qw the Shooter (Gargoyle Hexslinger)                Turns: 2732, Time: 00:01:02

Health: 0/37       AC: 11    Str: 11      XL:     6   Next: 51%
Magic:  7/7        EV: 10    Int: 13 (14) God:
Gold:   186        SH:  0    Dex: 13 (14) Spells: 6/7 levels left

rFire   . . .        Y - +2 sling
rCold   . . .        (no shield)
rNeg    + . .        d - +0 ring mail
rPois   inf          j - +0 helmet
rElec   +            (no cloak)
rCorr   .            (no gloves)
SInv    .            e - +0 pair of boots
Will    .....        h - amulet of faith
Stlth   +            (no ring)
HPRegen 0.26/turn    (no ring)
MPRegen 0.10/turn

%: faith
@: no status effects
A: sickness immunity, AC +4, negative energy resistance 1, electricity
resistance, torment resistance 1, petrification resistance
a: no special abilities


You were on level 4 of the Dungeon.
You visited 1 branch of the dungeon, and saw 4 of its levels.

You collected 186 gold pieces.


Innate Abilities, Weirdness & Mutations

You are immune to sickness and miasma.
Your stone body is resilient. (AC +4)
You are immune to poison.
You resist negative energy. (rN+)
You are resistant to electric shocks. (rElec)
You are resistant to unholy torment.
You are immune to petrification.


   Skills:
 + Level 3.0 Fighting
 - Level 6.0 Ranged Weapons
 - Level 1.1 Armour
 - Level 1.5 Dodging
 - Level 1.0 Spellcasting
 - Level 2.6 Hexes


You had 6 spell levels left.
You knew the following spells:

 Your Spells              Type           Power      Damage    Failure   Level
a - Slow                  Hex            28%        N/A       22%         1

Your spell library contained the following spells:

 Spells                   Type           Power      Damage    Failure   Level
 Inner Flame              Hex/Fire       4%         N/A       75%         3
 Portal Projectile        Hex/Tloc       8%         N/A       75%         3
 Cause Fear               Hex            3%         N/A       91%         4

Inventory:

Hand Weapons
 Y - a +2 sling (weapon)
Armour
 d - a +0 ring mail (worn)
 e - a +0 pair of boots (worn)
 j - a +0 helmet (worn)
Jewellery
 h - an amulet of faith (around neck)
Scrolls
 a - 3 scrolls of identify
Potions
 b - a potion of enlightenment

Dungeon Overview and Level Annotations

Branches:
Dungeon (4/15)
 Temple: D:4-7

Altars:

Annotations:
D:1 2 transporters


Message History

The giant cockroach misses you.
The sky beast hits you but does no damage.
The kobold barely misses you.
A gnoll comes into view. It is wielding a +0 spear.
The kobold completely misses you. The giant cockroach barely misses you.
You shoot a sling bullet. The sling bullet hits the sky beast.
The sky beast is moderately wounded.
The sky beast hits you but does no damage.
The kobold barely misses you. The kobold completely misses you.
The giant cockroach bites you but does no damage.
The sky beast hits you but does no damage.
The kobold barely misses you.
You shoot a sling bullet.
The sling bullet hits the sky beast but does no damage.
The sky beast is moderately wounded.
You hear a shout!
The giant cockroach closely misses you. x2; The kobold barely misses you.
The sky beast closely misses you.
You shoot a sling bullet.
The sling bullet hits the sky beast but does no damage.
The sky beast is lightly wounded.
The giant cockroach closely misses you. The kobold barely misses you.
The sky beast flickers out of sight!
Deactivating autopickup; reactivate with Ctrl-A.
Something hits you but does no damage. The worm bites you.
You shoot a sling bullet. The sling bullet hits the worm.
The worm is lightly wounded.
The giant cockroach bites you but does no damage.
A hobgoblin comes into view.
The kobold hits you but does no damage. Something hits you but does no damage.
The giant cockroach closely misses you.
You shoot a sling bullet. The sling bullet hits the worm.
The worm is moderately wounded.
Something hits you but does no damage. The kobold hits you but does no damage.
The giant cockroach closely misses you. The worm bites you but does no damage.
You shoot a sling bullet.
The sling bullet hits the worm but does no damage.
The worm is moderately wounded.
Something hits you. Something shocks you. You resist.
You die...

#......#
#.......
#..>.$.#
#......#
#.....g.
#.....K#
#....{w#
#....%@#
#....K.BgK#
#......##g#
######## ..
..# ##


You could see a worm, a gnoll, a giant cockroach, a hobgoblin, a goblin and 3
kobolds.

Vanquished Creatures
  An ogre (D:4)
  A hound (D:4)
  An orc priest (D:3)
  Natasha (thrice) (D:2)
  Robin (D:3)
  2 adders (D:3)
  3 worms
  2 dart slugs
  3 orcs (D:3)
  3 bats
  7 endoplasms
  2 giant cockroaches (D:1)
  16 goblins
  6 hobgoblins
  5 kobolds
  2 quokkas
  A ball python (D:3)
  3 frilled lizards (D:1)
  4 rats
66 creatures vanquished.

Notes
Turn   | Place    | Note
-------+----------+-------------------------------------------
     0 | D:1      | qw the Gargoyle Hexslinger began the quest for the Orb.
     0 | D:1      | Reached XP level 1. HP: 12/12 MP: 2/2
     0 | D:1      | 0 ||| qw: Version: 0.3-a-46-gb1f654a
     0 | D:1      | 0 ||| qw: Game counter: 1086
     0 | D:1      | 0 ||| qw: Melee chars always use a shield: true
     0 | D:1      | 0 ||| qw: God list: Okawaru
     0 | D:1      | 0 ||| qw: Allow faded altars: false
     0 | D:1      | 0 ||| qw: Do Orc after clearing Dungeon:15 true
     0 | D:1      | 0 ||| qw: Do second Lair branch before Depths: true
     0 | D:1      | 0 ||| qw: Lair rune preference: random
     0 | D:1      | 0 ||| qw: Goals: Normal
     0 | D:1      | 0 ||| PLANNING D:1-11
   168 | D:1      | Reached XP level 2. HP: 16/16 MP: 3/3
   191 | D:1      | Reached skill level 3 in Ranged Weapons
   556 | D:1      | Reached XP level 3. HP: 20/21 MP: 4/4
  1092 | D:1      | 1092 ||| READING 3 scrolls labelled OFALON GITO.
  1093 | D:1      | 1093 ||| READING scroll labelled HUISAI MEOS.
  1094 | D:1      | 1094 ||| READING scroll labelled DEIMMO IMARROE.
  1095 | D:1      | 1095 ||| DRINKING 2 lumpy ruby potions.
  1143 | D:1      | 1143 ||| READING 2 scrolls of identify.
  1143 | D:1      | 1143 ||| IDENTIFYING smoky pink potion
  1144 | D:1      | 1144 ||| DROPPING scroll of poison.
  1145 | D:1      | 1145 ||| DROPPING potion of lignification.
  1250 | D:2      | Found a faded altar of an unknown god.
  1250 | D:2      | Noticed Natasha
  1256 | D:2      | HP: 3/21 [Natasha (4)]
  1257 | D:2      | 1257 ||| DRINKING potion of heal wounds.
  1259 | D:2      | Killed Natasha
  1288 | D:2      | Reached XP level 4. HP: 26/26 MP: 5/5
  1460 | D:2      | Reached skill level 4 in Ranged Weapons
  1486 | D:2      | Noticed Natasha
  1495 | D:2      | Killed Natasha
  1746 | D:2      | Noticed Natasha
  1751 | D:2      | Killed Natasha
  1752 | D:2      | Reached XP level 5. HP: 26/30 MP: 6/6
  1938 | D:2      | 1938 ||| UPGRADING to +0 ring mail.
  1948 | D:2      | 1948 ||| DROPPING +0 robe.
  1949 | D:2      | 1949 ||| UPGRADING to +0 pair of boots.
  1954 | D:2      | 1954 ||| DROPPING ring of magical power.
  1955 | D:2      | 1955 ||| DROPPING ring of flight.
  1956 | D:2      | 1956 ||| READING scroll labelled GEAKLI DYITUPT.
  1977 | D:2      | 1977 ||| READING scroll labelled PAMNASCHYEN.
  2074 | D:3      | Reached skill level 1 in Armour
  2083 | D:3      | Identified the +0 scale mail of Xityzir {Regen+ SInv}
  2257 | D:3      | 2257 ||| Stepping ~*~*~tactically~*~*~ (outnumbered).
  2258 | D:3      | 2258 ||| Stepping ~*~*~tactically~*~*~ (outnumbered).
  2277 | D:3      | Reached skill level 5 in Ranged Weapons
  2325 | D:3      | Noticed Robin
  2340 | D:3      | Killed Robin
  2459 | D:3      | Reached skill level 3 in Fighting
  2461 | D:3      | HP: 8/32 [orc/+0 mace (3)]
  2462 | D:3      | 2462 ||| DRINKING potion of heal wounds.
  2596 | D:3      | 2596 ||| UPGRADING to +0 helmet.
  2601 | D:3      | 2601 ||| UPGRADING to amulet of faith.
  2606 | D:3      | 2606 ||| READING scroll labelled QUABBID KAVI.
  2607 | D:3      | 2607 ||| READING scroll labelled NAH WETHUEQORPH.
  2612 | D:3      | 2612 ||| DRINKING 2 grey potions.
  2613 | D:3      | 2613 ||| READING 3 scrolls of identify.
  2613 | D:3      | 2613 ||| IDENTIFYING yellow potion
  2614 | D:3      | 2614 ||| DROPPING potion of degeneration.
  2683 | D:4      | Noticed an ogre
  2693 | D:4      | Killed an ogre
  2694 | D:4      | Reached XP level 6. HP: 37/37 MP: 7/7
  2709 | D:4      | Noticed a sky beast
  2723 | D:4      | HP: 9/37 [sky beast (1)]
  2725 | D:4      | HP: 3/37 [sky beast (4)]
  2726 | D:4      | Reached skill level 6 in Ranged Weapons
  2732 | D:4      | HP: 1/37 [something (2)]
  2732 | D:4      | Slain by a sky beast

Levels and vault maps discovered:
D:1:      spicycebolla_arrival_transporter_tutorial, layout_loops_corners
D:2:      layout_rooms, dreamdust_ecumenical_altar_angels_and_demons,
          minivault_5, uniq_natasha
D:3:      layout_basic, nicolae_ru_awakened_eye, uniq_robin, uniq_terence
D:4:      minmay_angry_zag, layout_rooms, uniq_blork_the_orc

Skill      XL: |  1  2  3  4  5  6 |
---------------+-------------------+-----
Ranged Weapons | 3 4 5 6 |  6.0
Fighting       | 2 3 |  3.0
Armour         | 1 |  1.1
Dodging        | |  1.5
Spellcasting   | |  1.0
Hexes          | |  2.6

Action                     |  1- 3 |  4- 6 || total
---------------------------+-------+-------++-------
   Fire: Sling             |    89 |   162 ||   251
    Use: Scroll            |     4 |     5 ||     9
         Potion            |     2 |     2 ||     4
 Armour: Robe              |    14 |     2 ||    16
         Ring mail         |       |   126 ||   126
  Dodge: Dodged            |    31 |   127 ||   158

Table legend:
 A = Non-vault XP
 B = Vault XP
 C = Vault XP percentage of total XP
 D = Non-vault monster count
 E = Vault monster count
 F = Vault count percentage of total count
                 A         B        C        D         E       F
            +---------+---------+-------+---------+---------+-------
      Total |     396 |      75 |  15.9 |      51 |      15 |  22.7
            +---------+---------+-------+---------+---------+-------
        D:1 |      40 |       0 |   0.0 |      22 |       0 |   0.0
        D:2 |      91 |      35 |  27.8 |      11 |       1 |   8.3
        D:3 |      91 |      38 |  29.5 |      13 |      13 |  50.0
        D:4 |     174 |       2 |   1.1 |       5 |       1 |  16.7
            +---------+---------+-------+---------+---------+-------
